| TOP OF THE 1ST |
|
San Diego (APP) Padres batting - Pitching for Kingsport Mets : RHP Emanuel Anochondo
|
|
Pitching: RHP Emanuel Anochondo
|
|
|
Batting: RHB Alex Collazo
|
0-0: Called Strike 0-1: Called Strike 0-2: Ball 1-2: Strikes out swinging
|
|
Batting: RHB Victor Contreras
|
0-0: Foul Ball, location: 2F 0-1: Swinging Strike 0-2: Ball 1-2: Ball 2-2: Strikes out swinging
|
|
Batting: RHB Devon Dill
|
0-0: Ball 1-0: SINGLE (Groundball, 6MD, EV 108.8 MPH)
|
|
Batting: RHB Yuusei Narita
|
0-0: DOUBLE (Flyball, 7LD, EV 111.2 MPH) Devon Dill to third Runner from 3rd tries for Home, SAFE, no throw by LF
|
|
Batting: LHB Justin Daley
|
0-0: Called Strike 0-1: Swinging Strike 0-2: Ball 1-2: Ball 2-2: Strikes out swinging
|
| Top of the 1st over - 1 run, 2 hits, 0 errors, 1 left on base; San Diego (APP) 1 - Kingsport 0 |
| BOTTOM OF THE 1ST |
|
Kingsport Mets batting - Pitching for San Diego (APP) Padres : LHP Bill Hussey
|
|
Pitching: LHP Bill Hussey
|
|
|
Batting: RHB Michael Youngberry
|
0-0: DOUBLE (Line Drive, 9LS, EV 108.1 MPH)
|
|
Batting: RHB Enrique Aguirre
|
0-0: Foul Ball, location: 2F 0-1: Ball 1-1: Ball 2-1: Ball 3-1: Foul Ball, location: 2F 3-2: Strikes out swinging
|
|
Batting: SHB Nick Daigle
|
0-0: Called Strike 0-1: Called Strike 0-2: Strikes out swinging
|
|
Batting: SHB Keith Casner
|
0-0: Ball 1-0: Ball 2-0: Swinging Strike 2-1: Swinging Strike 2-2: Strikes out swinging
|
| Bottom of the 1st over - 0 runs, 1 hit, 0 errors, 1 left on base; San Diego (APP) 1 - Kingsport 0 |
| TOP OF THE 2ND |
|
San Diego (APP) Padres batting - Pitching for Kingsport Mets : RHP Emanuel Anochondo
|
|
Batting: RHB Aaron Joseph
|
0-0: Called Strike 0-1: Foul Ball, location: 2F 0-2: Foul Ball, location: 2F 0-2: Foul Ball, location: 2F 0-2: Ball 1-2: Foul Ball, location: 2F 1-2: Strikes out looking
|
|
Batting: LHB Ramon Padilla
|
0-0: Called Strike 0-1: Foul Ball, location: 2F 0-2: Strikes out looking
|
|
Batting: SHB Shawnie Codbucket
|
0-0: Called Strike 0-1: Ball 1-1: Foul Ball, location: 2F 1-2: Strikes out swinging
|
| Top of the 2nd over - 0 runs, 0 hits, 0 errors, 0 left on base; San Diego (APP) 1 - Kingsport 0 |
| BOTTOM OF THE 2ND |
|
Kingsport Mets batting - Pitching for San Diego (APP) Padres : LHP Bill Hussey
|
|
Batting: RHB Bill Crogan
|
0-0: Ball 1-0: Ball 2-0: Ball 3-0: Called Strike 3-1: Swinging Strike 3-2: Foul Ball, location: 2F 3-2: Fly out, F9 (Flyball, 9, EV 90.0 MPH)
|
|
Batting: RHB Sam Callahan
|
0-0: Ball 1-0: Ball 2-0: Called Strike 2-1: Ball 3-1: Base on Balls
|
|
Batting: RHB Chris Artz
|
0-0: Ball 1-0: Ball Passed Ball! Sam Callahan to second 2-0: Ball 3-0: Called Strike 3-1: Base on Balls
|
|
Batting: SHB Adonis Jones
|
0-0: Called Strike 0-1: Swinging Strike 0-2: Foul Ball, location: 2F 0-2: Strikes out swinging
|
|
Batting: RHB Chris Graham
|
0-0: Called Strike 0-1: Called Strike 0-2: Ball 1-2: Strikes out swinging
|
| Bottom of the 2nd over - 0 runs, 0 hits, 0 errors, 2 left on base; San Diego (APP) 1 - Kingsport 0 |
| TOP OF THE 3RD |
|
San Diego (APP) Padres batting - Pitching for Kingsport Mets : RHP Emanuel Anochondo
|
|
Batting: SHB Yu-hsui Lew
|
0-0: Called Strike 0-1: Ball 1-1: Called Strike 1-2: Strikes out swinging
|
|
Batting: RHB Alex Collazo
|
0-0: Foul Ball, location: 2F 0-1: Foul Ball, location: 2F 0-2: Foul Ball, location: 2F 0-2: SOLO HOME RUN (Flyball, 7LD, EV 95.6 MPH), Distance : 351 ft
|
|
Batting: RHB Victor Contreras
|
0-0: Ball 1-0: Called Strike 1-1: Called Strike 1-2: Strikes out looking
|
|
Batting: RHB Devon Dill
|
0-0: Ball 1-0: Ball 2-0: Ball 3-0: Called Strike 3-1: Foul Ball, location: 2F 3-2: Strikes out swinging
|
| Top of the 3rd over - 1 run, 1 hit, 0 errors, 0 left on base; San Diego (APP) 2 - Kingsport 0 |
| BOTTOM OF THE 3RD |
|
Kingsport Mets batting - Pitching for San Diego (APP) Padres : LHP Bill Hussey
|
|
Batting: RHB Michael Youngberry
|
0-0: Swinging Strike 0-1: Swinging Strike 0-2: Ball 1-2: Strikes out swinging
|
|
Batting: RHB Enrique Aguirre
|
0-0: DOUBLE (Flyball, 8RXD, EV 105.6 MPH)
|
|
Batting: SHB Nick Daigle
|
0-0: Ball 1-0: Ball 2-0: Foul Ball, location: 2F 2-1: Ball 3-1: Called Strike 3-2: Strikes out swinging
|
|
Batting: SHB Keith Casner
|
0-0: Ball 1-0: Ball 2-0: Ball 3-0: Base on Balls
|
|
Batting: RHB Bill Crogan
|
0-0: Ball 1-0: Foul Ball, location: 2F 1-1: Ball 2-1: Foul Ball, location: 2F 2-2: Strikes out looking
|
| Bottom of the 3rd over - 0 runs, 1 hit, 0 errors, 2 left on base; San Diego (APP) 2 - Kingsport 0 |
| TOP OF THE 4TH |
|
San Diego (APP) Padres batting - Pitching for Kingsport Mets : RHP Emanuel Anochondo
|
|
Batting: RHB Yuusei Narita
|
0-0: Ball 1-0: Ball 2-0: Swinging Strike 2-1: Fly out, F7 (Flyball, 7LS, EV 90.0 MPH)
|
|
Batting: LHB Justin Daley
|
0-0: Ground out 6-3 (Groundball, 6M, EV 101.2 MPH)
|
|
Batting: RHB Aaron Joseph
|
0-0: Swinging Strike 0-1: Ball 1-1: Ball 2-1: Swinging Strike 2-2: Ground out 5-3 (Groundball, 56, EV 78.1 MPH)
|
| Top of the 4th over - 0 runs, 0 hits, 0 errors, 0 left on base; San Diego (APP) 2 - Kingsport 0 |
| BOTTOM OF THE 4TH |
|
Kingsport Mets batting - Pitching for San Diego (APP) Padres : LHP Bill Hussey
|
|
Batting: RHB Sam Callahan
|
0-0: Foul Ball, location: 2F 0-1: Ground out U3 (Groundball, 34, EV 85.0 MPH)
|
|
Batting: RHB Chris Artz
|
0-0: Ball 1-0: Ball 2-0: Ball 3-0: Base on Balls
|
|
Batting: SHB Adonis Jones
|
0-0: Ball 1-0: Called Strike 1-1: Ball 2-1: Foul Ball, location: 2F 2-2: Foul Ball, location: 2F 2-2: Foul Ball, location: 2F 2-2: Ball 3-2: Foul Ball, location: 2F 3-2: Foul Ball, location: 2F 3-2: Base on Balls Chris Artz to second
|
|
Batting: RHB Chris Graham
|
0-0: Foul Ball, location: 2F 0-1: Foul Ball, location: 2F 0-2: Ball 1-2: Ball 2-2: Foul Ball, location: 2F 2-2: Foul Ball, location: 2F 2-2: Ball 3-2: Grounds into double play, 4-6-3 (Groundball, 4, EV 92.5 MPH)
|
| Bottom of the 4th over - 0 runs, 0 hits, 0 errors, 1 left on base; San Diego (APP) 2 - Kingsport 0 |
| TOP OF THE 5TH |
|
San Diego (APP) Padres batting - Pitching for Kingsport Mets : RHP Emanuel Anochondo
|
|
Batting: LHB Ramon Padilla
|
0-0: Called Strike 0-1: Called Strike 0-2: Strikes out looking
|
|
Batting: SHB Shawnie Codbucket
|
0-0: Swinging Strike 0-1: Ball 1-1: Foul Ball, location: 2F 1-2: Strikes out looking
|
|
Batting: SHB Yu-hsui Lew
|
0-0: Ball 1-0: Ball 2-0: Ball 3-0: Base on Balls
|
|
Batting: RHB Alex Collazo
|
0-0: Ball 1-0: Ball 2-0: Called Strike 2-1: Called Strike 2-2: Ball 3-2: Foul Ball, location: 2F 3-2: Base on Balls Yu-hsui Lew to second
|
|
Batting: RHB Victor Contreras
|
0-0: Ball 1-0: Foul Ball, location: 2F 1-1: SINGLE (Groundball, 3S, EV 66.9 MPH) (infield hit) Yu-hsui Lew to third Alex Collazo to second
|
|
Pitching: RHP Justin Williams
|
|
|
Batting: RHB Devon Dill
|
0-0: Ball 1-0: Ball 2-0: Ball 3-0: Called Strike 3-1: Called Strike 3-2: Base on Balls Yu-hsui Lew scores Alex Collazo to third Victor Contreras to second
|
|
Batting: RHB Yuusei Narita
|
0-0: Ball 1-0: Swinging Strike 1-1: Foul Ball, location: 2F 1-2: Ball 2-2: Ball 3-2: Strikes out swinging
|
| Top of the 5th over - 1 run, 1 hit, 0 errors, 3 left on base; San Diego (APP) 3 - Kingsport 0 |
| BOTTOM OF THE 5TH |
|
Kingsport Mets batting - Pitching for San Diego (APP) Padres : LHP Bill Hussey
|
|
Batting: RHB Michael Youngberry
|
0-0: Called Strike 0-1: Called Strike 0-2: SINGLE (Groundball, 3S, EV 71.9 MPH) (infield hit)
|
|
Pitching: LHP Cory Watson
|
|
|
Batting: RHB Enrique Aguirre
|
0-0: Ball 1-0: Swinging Strike 1-1: Ball 2-1: Called Strike Michael Youngberry steals 2nd base (no throw) 2-2: Ground out U3 (Groundball, 3S, EV 83.8 MPH) Michael Youngberry to third
|
|
Batting: SHB Nick Daigle
|
0-0: Called Strike 0-1: Foul Ball, location: 2F 0-2: Foul Ball, location: 2F 0-2: Ball 1-2: Strikes out looking
|
|
Batting: SHB Keith Casner
|
0-0: SINGLE (Flyball, 78S, EV 96.9 MPH) Michael Youngberry scores
|
|
Batting: RHB Bill Crogan
|
0-0: Ball 1-0: Called Strike 1-1: Fly out, F8 (Flyball, 8LS, EV 83.8 MPH)
|
| Bottom of the 5th over - 1 run, 2 hits, 0 errors, 1 left on base; San Diego (APP) 3 - Kingsport 1 |
| TOP OF THE 6TH |
|
San Diego (APP) Padres batting - Pitching for Kingsport Mets : RHP Justin Williams
|
|
Batting: LHB Justin Daley
|
0-0: Foul Ball, location: 2F 0-1: Ball 1-1: Foul Ball, location: 2F 1-2: Foul Ball, location: 2F 1-2: Strikes out looking
|
|
Batting: RHB Aaron Joseph
|
0-0: Called Strike 0-1: Ball 1-1: Ball 2-1: Ball 3-1: Called Strike 3-2: Ground out 6-3 (Groundball, 6M, EV 108.1 MPH)
|
|
Batting: LHB Ramon Padilla
|
0-0: Ball 1-0: Ball 2-0: Foul Ball, location: 2F 2-1: Foul Ball, location: 2F 2-2: Ball 3-2: Strikes out swinging
|
| Top of the 6th over - 0 runs, 0 hits, 0 errors, 0 left on base; San Diego (APP) 3 - Kingsport 1 |
| BOTTOM OF THE 6TH |
|
Kingsport Mets batting - Pitching for San Diego (APP) Padres : LHP Cory Watson
|
|
Batting: RHB Sam Callahan
|
0-0: Ball 1-0: Called Strike 1-1: Ball 2-1: Ball 3-1: Fly out, F9 (Flyball, 9, EV 93.1 MPH)
|
|
Batting: RHB Chris Artz
|
0-0: Ball 1-0: Ground out 4-3 (Groundball, 6MS, EV 85.6 MPH)
|
|
Batting: SHB Adonis Jones
|
0-0: Ball 1-0: Called Strike 1-1: Ball 2-1: Ball 3-1: Base on Balls
|
|
Batting: RHB Chris Graham
|
0-0: Ground out 5-3 (Groundball, 56S, EV 90.0 MPH)
|
| Bottom of the 6th over - 0 runs, 0 hits, 0 errors, 1 left on base; San Diego (APP) 3 - Kingsport 1 |
| TOP OF THE 7TH |
|
San Diego (APP) Padres batting - Pitching for Kingsport Mets : RHP Justin Williams
|
|
Pitching: RHP Jose Herrera
|
|
|
Batting: SHB Shawnie Codbucket
|
0-0: SINGLE (Groundball, 6MD, EV 107.5 MPH)
|
|
Batting: SHB Yu-hsui Lew
|
0-0: Ball 1-0: Ball 2-0: Called Strike 2-1: Ball 3-1: Fly out, F7 (Flyball, 7LD, EV 98.1 MPH)
|
|
Batting: RHB Alex Collazo
|
0-0: Called Strike 0-1: Ball 1-1: Hit by Pitch Shawnie Codbucket to second
|
|
Batting: RHB Victor Contreras
|
0-0: Ball 1-0: Foul Ball, location: 2F 1-1: Ball 2-1: SINGLE (Groundball, 34D, EV 98.1 MPH) Shawnie Codbucket to third Alex Collazo to second Runner from 3rd tries for Home, SAFE, throw by RF to home
|
|
Batting: RHB Devon Dill
|
0-0: Swinging Strike 0-1: Foul Ball, location: 2F 0-2: Ball 1-2: Ball 2-2: Fly out, F9 (Flyball, 89S, EV 81.9 MPH)
|
|
Batting: RHB Yuusei Narita
|
0-0: Ball 1-0: Swinging Strike 1-1: Fielders Choice at 2nd, 5-4 (Groundball, 56, EV 97.5 MPH)
|
| Top of the 7th over - 1 run, 2 hits, 0 errors, 2 left on base; San Diego (APP) 4 - Kingsport 1 |
| BOTTOM OF THE 7TH |
|
Kingsport Mets batting - Pitching for San Diego (APP) Padres : LHP Cory Watson
|
|
Batting: RHB Michael Youngberry
|
0-0: Foul Ball, location: 2F 0-1: Ball 1-1: Swinging Strike 1-2: Ball 2-2: Foul Ball, location: 2F 2-2: Strikes out looking
|
|
Batting: RHB Enrique Aguirre
|
0-0: DOUBLE (Line Drive, 89M, EV 94.4 MPH)
|
|
Pitching: RHP Dave Waterman
|
|
|
Batting: SHB Nick Daigle
|
0-0: Ball 1-0: Called Strike 1-1: Ground out 6-3 (Groundball, 4MS, EV 73.1 MPH) Enrique Aguirre to third
|
|
Batting: SHB Keith Casner
|
0-0: Ball 1-0: Ball 2-0: Called Strike 2-1: Foul Ball, location: 2F 2-2: Ball Wild Pitch! Enrique Aguirre scores 3-2: Ground out 1-3 (Groundball, 15S, EV 63.1 MPH)
|
| Bottom of the 7th over - 1 run, 1 hit, 0 errors, 0 left on base; San Diego (APP) 4 - Kingsport 2 |
| TOP OF THE 8TH |
|
San Diego (APP) Padres batting - Pitching for Kingsport Mets : RHP Jose Herrera
|
|
Batting: LHB Justin Daley
|
0-0: Called Strike 0-1: Ball 1-1: Foul Ball, location: 2F 1-2: Ground out 6-3 (Groundball, 6, EV 77.5 MPH)
|
|
Batting: RHB Aaron Joseph
|
0-0: Foul Ball, location: 2F 0-1: Ball 1-1: Ball 2-1: Foul Ball, location: 2F 2-2: Ball 3-2: Fly out, F9 (Flyball, 9LS, EV 78.8 MPH)
|
|
Batting: LHB Ramon Padilla
|
0-0: Ground out 5-3 (Groundball, 5, EV 88.8 MPH)
|
| Top of the 8th over - 0 runs, 0 hits, 0 errors, 0 left on base; San Diego (APP) 4 - Kingsport 2 |
| BOTTOM OF THE 8TH |
|
Kingsport Mets batting - Pitching for San Diego (APP) Padres : RHP Dave Waterman
|
|
Batting: RHB Bill Crogan
|
0-0: Ball 1-0: Ground out 5-3 (Groundball, 56, EV 106.9 MPH)
|
|
Pinch Hitting: SHB Tyler Maddux
|
0-0: Ground out U3 (Groundball, 3, EV 110.0 MPH)
|
|
Batting: RHB Chris Artz
|
0-0: Foul Ball, location: 2F 0-1: Ground out 6-3 (Groundball, 56, EV 99.4 MPH)
|
| Bottom of the 8th over - 0 runs, 0 hits, 0 errors, 0 left on base; San Diego (APP) 4 - Kingsport 2 |
| TOP OF THE 9TH |
|
San Diego (APP) Padres batting - Pitching for Kingsport Mets : RHP Jose Herrera
|
|
Pitching: LHP Tony Diaz
|
|
|
Now at 3B: Tyler Maddux
|
|
|
Batting: SHB Shawnie Codbucket
|
0-0: Ball 1-0: Called Strike 1-1: Ball 2-1: Foul Ball, location: 2F 2-2: Strikes out looking
|
|
Batting: SHB Yu-hsui Lew
|
0-0: Ball 1-0: Ball 2-0: Ball 3-0: Called Strike 3-1: Base on Balls
|
|
Batting: RHB Alex Collazo
|
0-0: Called Strike 0-1: Called Strike 0-2: Ball 1-2: Strikes out swinging
|
|
Batting: RHB Victor Contreras
|
0-0: Foul Ball, location: 2F 0-1: Called Strike 0-2: Ball 1-2: Foul Ball, location: 2F 1-2: Foul Ball, location: 2F 1-2: Strikes out looking
|
| Top of the 9th over - 0 runs, 0 hits, 0 errors, 1 left on base; San Diego (APP) 4 - Kingsport 2 |
| BOTTOM OF THE 9TH |
|
Kingsport Mets batting - Pitching for San Diego (APP) Padres : RHP Dave Waterman
|
|
Pitching: LHP Manny Santiago
|
|
|
Now at 1B: Ricardo Ortiz
|
|
|
Batting: SHB Adonis Jones
|
0-0: Ball 1-0: Ball 2-0: DOUBLE (Line Drive, 89D, EV 108.1 MPH)
|
|
Batting: RHB Chris Graham
|
0-0: Ball 1-0: Ball 2-0: Called Strike 2-1: Ball 3-1: Ground out 4-3 (Groundball, 4, EV 106.2 MPH) Adonis Jones to third
|
|
Batting: RHB Michael Youngberry
|
0-0: Ball 1-0: Bunt missed! 1-1: Called Strike 1-2: Ball 2-2: Ground out 4-3 (Groundball, 4, EV 96.2 MPH) Adonis Jones scores
|
|
Batting: RHB Enrique Aguirre
|
0-0: Ball 1-0: Ground out U3 (Groundball, 3, EV 84.4 MPH)
|
| Bottom of the 9th over - 1 run, 1 hit, 0 errors, 0 left on base; San Diego (APP) 4 - Kingsport 3 |
|